MLB
TAMPA BAY RAYS @ TORONTO BLUE JAYS
07/28/2019
 
TOP OF THE 1ST
Tampa Bay Rays batting - Pitching for Toronto Blue Jays : RHP Michael Fulmer
Pitching: RHP Michael Fulmer
Batting: SHB Aaron Hicks 0-0: Called Strike
0-1: Ball
1-1: Ball
2-1: SINGLE (Groundball, 6MD, EV 99.4 MPH)
Batting: RHB Xander Bogaerts 0-0: Ball
1-0: Called Strike
1-1: Ball
2-1: 2-RUN HOME RUN (Flyball, 7LD, EV 107.5 MPH), Distance : 355 ft
Batting: LHB Michael Conforto 0-0: Called Strike
0-1: SINGLE (Flyball, 9LS, EV 87.5 MPH)
Batting: RHB Nelson Cruz 0-0: Ball
1-0: Ball
2-0: Ball
3-0: Base on Balls
Michael Conforto to second
Batting: RHB Miguel Cabrera 0-0: Grounds into double play, 5-4-3 (Groundball, 5, EV 106.3 MPH)
Michael Conforto to third
Batting: RHB Buster Posey 0-0: Called Strike
0-1: Ball
1-1: Ball
2-1: Called Strike
2-2: Ball
3-2: Foul Ball, location: 2F
3-2: Strikes out swinging
Top of the 1st over - 2 runs, 3 hits, 0 errors, 1 left on base; Tampa Bay 2 - Toronto 0
BOTTOM OF THE 1ST
Toronto Blue Jays batting - Pitching for Tampa Bay Rays : RHP Carlos Carrasco
Pitching: RHP Carlos Carrasco
Batting: SHB Billy Hamilton 0-0: Called Strike
0-1: Ball
1-1: Called Strike
1-2: Ball
2-2: Foul Ball, location: 2F
2-2: Foul Ball, location: 2F
2-2: Strikes out swinging
Batting: RHB Elvis Andrus 0-0: Ball
1-0: SINGLE (Flyball, 78S, EV 96.3 MPH)
Batting: RHB Kris Bryant 0-0: Called Strike
0-1: Ball
1-1: Ball
2-1: Foul Ball, location: 2F
2-2: Hit by Pitch
Elvis Andrus to second
Batting: RHB Nicholas Castellanos 0-0: Called Strike
0-1: Ball
1-1: Ball
2-1: Fly out, F9 (Flyball, 9LS, EV 81.9 MPH)
Runner from 2nd tags up, SAFE at 3rd with throw by RF
Batting: RHB Yoenis Cespedes 0-0: Called Strike
0-1: Ball
1-1: Foul Ball, location: 2F
1-2: Ball
2-2: Ball
3-2: Fly out, F8 (Flyball, 8RM, EV 87.5 MPH)
Bottom of the 1st over - 0 runs, 1 hit, 0 errors, 2 left on base; Tampa Bay 2 - Toronto 0
TOP OF THE 2ND
Tampa Bay Rays batting - Pitching for Toronto Blue Jays : RHP Michael Fulmer
Batting: LHB Rafael Devers 0-0: Called Strike
0-1: Ground out 4-3 (Groundball, 4, EV 86.3 MPH)
Batting: RHB Marcell Ozuna 0-0: Ball
1-0: Called Strike
1-1: Ground out 6-3 (Groundball, 6, EV 76.9 MPH)
Batting: RHB DJ LeMahieu 0-0: Ball
1-0: Called Strike
1-1: SINGLE (Groundball, 4D, EV 97.5 MPH)
Batting: SHB Aaron Hicks 0-0: Foul Ball, location: 2F
0-1: Swinging Strike
0-2: Ball
Wild Pitch!
DJ LeMahieu to second
1-2: Foul Ball, location: 2F
1-2: Strikes out looking
Top of the 2nd over - 0 runs, 1 hit, 0 errors, 1 left on base; Tampa Bay 2 - Toronto 0
BOTTOM OF THE 2ND
Toronto Blue Jays batting - Pitching for Tampa Bay Rays : RHP Carlos Carrasco
Batting: SHB Josh Bell 0-0: Called Strike
0-1: Called Strike
0-2: Ball
1-2: Strikes out swinging
Batting: RHB Keon Broxton 0-0: Ball
1-0: Ball
2-0: Called Strike
2-1: Foul Ball, location: 2F
2-2: Foul Ball, location: 2F
2-2: Strikes out looking
Batting: SHB Matt Wieters 0-0: Foul Ball, location: 2F
0-1: Ball
1-1: TRIPLE (Line Drive, 78XD, EV 100.0 MPH)
Batting: RHB Dixon Machado 0-0: Foul Ball, location: 2F
0-1: Called Strike
0-2: Foul Ball, location: 2F
0-2: Strikes out swinging
Bottom of the 2nd over - 0 runs, 1 hit, 0 errors, 1 left on base; Tampa Bay 2 - Toronto 0
TOP OF THE 3RD
Tampa Bay Rays batting - Pitching for Toronto Blue Jays : RHP Michael Fulmer
Batting: RHB Xander Bogaerts 0-0: Called Strike
0-1: Fly out, F5 (Popup, 5S, EV 81.3 MPH)
Batting: LHB Michael Conforto 0-0: Called Strike
0-1: Ground out U3 (Groundball, 3, EV 79.4 MPH)
Batting: RHB Nelson Cruz 0-0: Fly out, F8 (Flyball, 8RD, EV 92.5 MPH)
Top of the 3rd over - 0 runs, 0 hits, 0 errors, 0 left on base; Tampa Bay 2 - Toronto 0
BOTTOM OF THE 3RD
Toronto Blue Jays batting - Pitching for Tampa Bay Rays : RHP Carlos Carrasco
Batting: SHB Billy Hamilton 0-0: Ball
1-0: Foul Ball, location: 2F
1-1: Ball
2-1: Ball
3-1: Called Strike
3-2: Base on Balls
Batting: RHB Elvis Andrus 0-0: Ball
Billy Hamilton steals 2nd base (no throw)
1-0: Foul Ball, location: 2F
1-1: Fly out, F6 (Line Drive, 6, EV 73.8 MPH)
Batting: RHB Kris Bryant 0-0: Called Strike
0-1: Ball
1-1: Swinging Strike
1-2: Strikes out swinging
Batting: RHB Nicholas Castellanos 0-0: Foul Ball, location: 2F
0-1: Ball
1-1: Ball
2-1: Fly out, F9 (Flyball, 9, EV 86.3 MPH)
Bottom of the 3rd over - 0 runs, 0 hits, 0 errors, 1 left on base; Tampa Bay 2 - Toronto 0
TOP OF THE 4TH
Tampa Bay Rays batting - Pitching for Toronto Blue Jays : RHP Michael Fulmer
Batting: RHB Miguel Cabrera 0-0: Called Strike
0-1: Foul Ball, location: 2F
0-2: Ball
1-2: Strikes out looking
Batting: RHB Buster Posey 0-0: Ball
1-0: Foul Ball, location: 2F
1-1: Swinging Strike
1-2: Foul Ball, location: 2F
1-2: Fly out, F8 (Flyball, 8LD, EV 95.6 MPH)
Batting: LHB Rafael Devers 0-0: Ball
1-0: Ball
2-0: Called Strike
2-1: Ground out 6-3 (Groundball, 4, EV 86.9 MPH)
Top of the 4th over - 0 runs, 0 hits, 0 errors, 0 left on base; Tampa Bay 2 - Toronto 0
BOTTOM OF THE 4TH
Toronto Blue Jays batting - Pitching for Tampa Bay Rays : RHP Carlos Carrasco
Batting: RHB Yoenis Cespedes 0-0: Foul Ball, location: 2F
0-1: Foul Ball, location: 2F
0-2: Foul Ball, location: 2F
0-2: Ball
1-2: Strikes out swinging
Batting: SHB Josh Bell 0-0: Ball
1-0: Called Strike
1-1: Ground out 1-3 (Groundball, 34S, EV 81.9 MPH)
Batting: RHB Keon Broxton 0-0: Called Strike
0-1: Swinging Strike
0-2: SINGLE (Flyball, 7LS, EV 90.6 MPH)
Pitching: LHP Grant Dayton
Batting: SHB Matt Wieters 0-0: Ball
1-0: Foul Ball, location: 2F
1-1: Foul Ball, location: 2F
1-2: Fly out, F8 (Flyball, 8LM, EV 79.4 MPH)
Bottom of the 4th over - 0 runs, 1 hit, 0 errors, 1 left on base; Tampa Bay 2 - Toronto 0
TOP OF THE 5TH
Tampa Bay Rays batting - Pitching for Toronto Blue Jays : RHP Michael Fulmer
Batting: RHB Marcell Ozuna 0-0: Ball
1-0: Ball
2-0: Ball
3-0: Called Strike
3-1: Base on Balls
Batting: RHB DJ LeMahieu 0-0: Ball
1-0: Called Strike
1-1: Ball
2-1: Swinging Strike
2-2: Strikes out swinging
Batting: SHB Aaron Hicks 0-0: Called Strike
0-1: Called Strike
0-2: Ball
1-2: Foul Ball, location: 2F
1-2: Ball
2-2: Foul Ball, location: 2F
2-2: Fly out, F7 (Flyball, 7, EV 83.1 MPH)
Batting: RHB Xander Bogaerts 0-0: Fielders Choice at 2nd, 6-4 (Groundball, 6, EV 104.4 MPH)
Top of the 5th over - 0 runs, 0 hits, 0 errors, 1 left on base; Tampa Bay 2 - Toronto 0
BOTTOM OF THE 5TH
Toronto Blue Jays batting - Pitching for Tampa Bay Rays : LHP Grant Dayton
Batting: RHB Dixon Machado 0-0: Called Strike
0-1: Ball
1-1: Foul Ball, location: 2F
1-2: Ball
2-2: DOUBLE (Flyball, 8LD, EV 90.6 MPH)
Batting: SHB Billy Hamilton 0-0: Ground out 6-3 (Groundball, 6M, EV 86.3 MPH)
Dixon Machado to third
Batting: RHB Elvis Andrus 0-0: TRIPLE (Line Drive, 9D, EV 105.0 MPH)
Dixon Machado scores
Batting: RHB Kris Bryant 0-0: 2-RUN HOME RUN (Flyball, 8RXD, EV 93.8 MPH), Distance : 427 ft
Pitching: RHP Ryne Harper
Batting: RHB Nicholas Castellanos 0-0: Called Strike
0-1: Swinging Strike
0-2: Ball
1-2: Ball
2-2: Strikes out swinging
Batting: RHB Yoenis Cespedes 0-0: Ball
1-0: Ball
2-0: Ball
3-0: Foul Ball, location: 2F
3-1: Swinging Strike
3-2: Strikes out looking
Bottom of the 5th over - 3 runs, 3 hits, 0 errors, 0 left on base; Tampa Bay 2 - Toronto 3
TOP OF THE 6TH
Tampa Bay Rays batting - Pitching for Toronto Blue Jays : RHP Michael Fulmer
Pitching: RHP JC Ramirez
Batting: LHB Michael Conforto 0-0: Called Strike
0-1: Ball
1-1: Ball
2-1: Ball
3-1: Base on Balls
Pitching: RHP Danny Barnes
Batting: RHB Nelson Cruz 0-0: Called Strike
0-1: Fly out, F8 (Flyball, 78XD, EV 108.1 MPH)
Pitching: RHP Trevor Rosenthal
Batting: RHB Miguel Cabrera 0-0: Ball
1-0: Swinging Strike
1-1: Swinging Strike
1-2: Strikes out swinging
Batting: RHB Buster Posey 0-0: Called Strike
0-1: Ball
1-1: Ball
2-1: Called Strike
2-2: Foul Ball, location: 2F
2-2: Fly out, F9 (Flyball, 9S, EV 97.5 MPH)
Top of the 6th over - 0 runs, 0 hits, 0 errors, 1 left on base; Tampa Bay 2 - Toronto 3
BOTTOM OF THE 6TH
Toronto Blue Jays batting - Pitching for Tampa Bay Rays : RHP Ryne Harper
Batting: SHB Josh Bell 0-0: Called Strike
0-1: Foul Ball, location: 2F
0-2: Foul Ball, location: 2F
0-2: Ball
1-2: Strikes out swinging
Batting: RHB Keon Broxton 0-0: Ball
1-0: Ball
2-0: Foul Ball, location: 2F
2-1: Foul Ball, location: 2F
2-2: Strikes out swinging
Batting: SHB Matt Wieters 0-0: SINGLE (Groundball, 3D, EV 98.8 MPH)
Batting: RHB Dixon Machado 0-0: Ball
1-0: Swinging Strike
1-1: Foul Ball, location: 2F
1-2: Strikes out looking
Bottom of the 6th over - 0 runs, 1 hit, 0 errors, 1 left on base; Tampa Bay 2 - Toronto 3
TOP OF THE 7TH
Tampa Bay Rays batting - Pitching for Toronto Blue Jays : RHP Trevor Rosenthal
Pitching: RHP Shelby Miller
Batting: LHB Rafael Devers 0-0: Ball
1-0: Ball
2-0: Called Strike
2-1: Swinging Strike
2-2: SINGLE (Groundball, 3D, EV 102.5 MPH)
Pitching: RHP Mason McCullough
Batting: RHB Marcell Ozuna 0-0: Ball
1-0: Ball
Rafael Devers steals 2nd, throwing error, E2
Rafael Devers to third
2-0: Called Strike
2-1: Foul Ball, location: 2F
2-2: Fly out, F7 (Flyball, 78D, EV 88.1 MPH)
Runner from 3rd tags up, SCORES, throw by LF
Batting: RHB DJ LeMahieu 0-0: Foul Ball, location: 2F
0-1: Called Strike
0-2: Fly out, F9 (Line Drive, 89M, EV 96.3 MPH)
Batting: SHB Aaron Hicks 0-0: Foul Ball, location: 2F
0-1: Ball
1-1: Ball
2-1: Foul Ball, location: 2F
2-2: Foul Ball, location: 2F
2-2: Ball
3-2: SINGLE (Flyball, 9S, EV 89.4 MPH)
Pitching: RHP Dellin Betances
Batting: RHB Xander Bogaerts 0-0: Ball
1-0: Ball
2-0: Foul Ball, location: 2F
2-1: Foul Ball, location: 2F
2-2: Foul Ball, location: 2F
2-2: Foul Ball, location: 2F
2-2: Ball
3-2: Ground out 6-3 (Groundball, 56, EV 83.1 MPH)
Top of the 7th over - 1 run, 2 hits, 1 error, 1 left on base; Tampa Bay 3 - Toronto 3
BOTTOM OF THE 7TH
Toronto Blue Jays batting - Pitching for Tampa Bay Rays : RHP Ryne Harper
Pitching: RHP Mychal Givens
Batting: SHB Billy Hamilton 0-0: Ball
1-0: Ball
2-0: Swinging Strike
2-1: Foul Ball, location: 2F
2-2: Ball
3-2: Foul Ball, location: 2F
3-2: Base on Balls
Batting: RHB Elvis Andrus 0-0: Sac Bunt to 25 - play at first, batter OUT! 5-4
Billy Hamilton to second
Batting: RHB Kris Bryant 0-0: Ball
Billy Hamilton steals 3rd base
1-0: Ball
2-0: Called Strike
2-1: Called Strike
2-2: Foul Ball, location: 2F
2-2: SINGLE (Groundball, 6M, EV 95.6 MPH)
Billy Hamilton scores
Batting: RHB Nicholas Castellanos 0-0: Swinging Strike
0-1: Ball
1-1: Called Strike
1-2: Strikes out looking
Batting: RHB Yoenis Cespedes 0-0: Foul Ball, location: 2F
0-1: Called Strike
0-2: Foul Ball, location: 2F
0-2: Ball
1-2: Foul Ball, location: 2F
1-2: Fly out, F9 (Flyball, 9LS, EV 76.3 MPH)
Bottom of the 7th over - 1 run, 1 hit, 0 errors, 1 left on base; Tampa Bay 3 - Toronto 4
TOP OF THE 8TH
Tampa Bay Rays batting - Pitching for Toronto Blue Jays : RHP Dellin Betances
Pitching: RHP Ken Giles
Batting: LHB Michael Conforto 0-0: Swinging Strike
0-1: Ball
1-1: Called Strike
1-2: Foul Ball, location: 2F
1-2: Strikes out swinging
Batting: RHB Nelson Cruz 0-0: Ball
1-0: Swinging Strike
1-1: Fly out, F8 (Flyball, 8LM, EV 89.4 MPH)
Batting: RHB Miguel Cabrera 0-0: Swinging Strike
0-1: Foul Ball, location: 2F
0-2: Ground out 6-3 (Groundball, 56, EV 105.6 MPH)
Top of the 8th over - 0 runs, 0 hits, 0 errors, 0 left on base; Tampa Bay 3 - Toronto 4
BOTTOM OF THE 8TH
Toronto Blue Jays batting - Pitching for Tampa Bay Rays : RHP Mychal Givens
Pitching: RHP Darren O'Day
Batting: SHB Josh Bell 0-0: Ball
1-0: Foul Ball, location: 2F
1-1: SINGLE (Flyball, 78M, EV 91.9 MPH)
Batting: RHB Keon Broxton 0-0: Ball
Wild Pitch!
Josh Bell to second
1-0: Called Strike
1-1: Swinging Strike
1-2: Ball
2-2: Ball
3-2: Foul Ball, location: 2F
3-2: Strikes out swinging
Batting: SHB Matt Wieters 0-0: Ball
1-0: TRIPLE (Flyball, 9D, EV 100.0 MPH)
Josh Bell scores
Batting: RHB Dixon Machado 0-0: Called Strike
0-1: Swinging Strike
0-2: Foul Ball, location: 2F
0-2: Ball
1-2: Strikes out swinging
Batting: SHB Billy Hamilton 0-0: Called Strike
0-1: Foul Ball, location: 2F
0-2: Ball
1-2: Ball
2-2: Ground out 5-3 (Groundball, 56S, EV 82.5 MPH)
Bottom of the 8th over - 1 run, 2 hits, 0 errors, 1 left on base; Tampa Bay 3 - Toronto 5
TOP OF THE 9TH
Tampa Bay Rays batting - Pitching for Toronto Blue Jays : RHP Ken Giles
Batting: RHB Buster Posey 0-0: Swinging Strike
0-1: Ball
1-1: Foul Ball, location: 2F
1-2: Foul Ball, location: 2F
1-2: Foul Ball, location: 2F
1-2: SINGLE (Groundball, 5D, EV 105.0 MPH)
Batting: LHB Rafael Devers 0-0: Foul Ball, location: 2F
0-1: Ball
1-1: Called Strike
1-2: Ball
2-2: Strikes out swinging
Batting: RHB Marcell Ozuna 0-0: Ball
1-0: Foul Ball, location: 2F
1-1: Called Strike
1-2: Foul Ball, location: 2F
1-2: Foul Ball, location: 2F
1-2: Strikes out looking
Batting: RHB DJ LeMahieu 0-0: Called Strike
0-1: Ground out 4-3 (Groundball, 4, EV 85.0 MPH)
Top of the 9th over - 0 runs, 1 hit, 0 errors, 1 left on base; Tampa Bay 3 - Toronto 5
Friday, November 1st, 2019 - OOTP Baseball 20.6 Build 55